Map: Shadow Reactor

Players

Gracz

  • Race: Zerg Zerg
  • Spawn Location: 9:00

KerrigunUA

  • Race: Terran Terran
  • Spawn Location: 7:00

electro

  • Race: Protoss Protoss
  • Spawn Location: 6:00

SAN - Winner!

  • Race: Protoss Protoss
  • Spawn Location: 1:00

VAZAR - Winner!

  • Race: Protoss Protoss
  • Spawn Location: 3:00

Akira - Winner!

  • Race: Protoss Protoss
  • Spawn Location: 0:00

VOD

Have the link to the VOD?

Description

Time

  • Played on: April 28, 2016, 12:07 p.m.
  • Length: 14:02
Show
View Real Time Build Order
Export as new Build Order

Gracz Zerg 

Build Orders: Pool First 

Get SALT Encoding   

  12  0:03  Drone  
  13  0:08  Drone  
  14  0:18  Overlord  
  14  0:59  Spawning Pool  
  14  1:02  Extractor, Drone x3  
  15  1:25  Drone  
  15  1:26  Drone  
  17  1:47  Queen  
  17  1:52  Hatchery  
  18  2:07  Zergling x6  
  21  2:26  Overlord  
  21  2:42  Zergling x2  
  21  2:44  Zergling x2, Queen  
  25  2:52  Metabolic Boost  
  20  4:29  Lair  
  20  4:33  Evolution Chamber  
  19  4:40  Roach Warren  
  19  4:43  Drone x3  
  21  5:06  Zerg Melee Weapons Level 1  
  21  5:21  Roach x3  
  27  5:22  Roach x2  
  27  5:23  Roach  
  33  5:40  Glial Reconstitution  
  33  5:44  Roach  
  33  5:46  Overlord x2  
  35  6:06  Drone x4  
  35  6:07  Drone  
  40  6:13  Spire  
  39  6:24  Roach x3  
  45  6:28  Queen  
  45  6:30  Queen  
  49  6:35  Extractor, Drone x2  
  49  6:36  Roach  
  49  6:37  Overlord  
  52  6:58  Drone x3  
  55  7:04  Queen  
  55  7:06  Queen  
  59  7:16  Extractor  
  59  7:17  Drone  
  59  7:33  Overlord x2  
  59  7:42  Burrow  
  59  7:50  Queen  
  61  7:59  Mutalisk x7  
  61  8:04  Overlord x2  
  75  8:21  Overlord x2  
  75  8:57  Overlord x2  
  75  9:03  Mutalisk x8  
  91  9:31  Overlord  
  91  9:32  Overlord  
  91  9:46  Mutalisk  
  91  9:47  Mutalisk x3  
  93  10:36  Overlord x2  
  93  10:37  Mutalisk, Overlord  
  93  10:38  Mutalisk x5  
  83  11:20  Mutalisk x4  
  83  11:22  Zergling x2  
  83  11:23  Zergling x18  
  33  12:01  Mutalisk x4  
  11  13:08  Drone x2  
  11  13:09  Drone  
  14  13:20  Drone  
  14  13:24  Drone  
  14  13:42  Drone  
Show
View Real Time Build Order
Export as new Build Order

KerrigunUA Terran 

Build Orders:  

Get SALT Encoding   

  12  0:14  SCV  
  12  0:16  Supply Depot  
  13  0:26  SCV  
  14  0:38  SCV  
  14  0:40  Supply Depot  
  15  0:48  Supply Depot  
  15  0:50  SCV  
  16  1:08  Engineering Bay  
  16  1:11  Refinery  
  16  1:16  Refinery, SCV  
  17  1:59  Barracks  
  17  2:08  Missile Turret  
  17  2:13  Missile Turret  
  17  2:20  Missile Turret  
  17  2:25  Missile Turret  
  17  2:26  SCV  
  18  2:38  SCV  
  19  2:47  Missile Turret  
  19  2:51  SCV  
  20  2:56  Missile Turret  
  20  3:03  SCV  
  21  3:46  SCV  
  22  3:58  SCV  
  23  4:10  SCV  
  24  4:23  SCV  
  25  4:35  SCV  
Show
View Real Time Build Order
Export as new Build Order

electro Protoss 

Build Orders: Dark Templar Rush 

Get SALT Encoding   

  12  0:02  Probe (Chrono Boost)  
  13  0:13  Probe (Chrono Boost)  
  14  0:19  Pylon  
  14  0:25  Probe (Chrono Boost)  
  15  0:38  Probe (Chrono Boost)  
  15  0:40  Gateway  
  16  0:43  Assimilator  
  16  0:51  Probe (Chrono Boost)  
  17  1:01  Probe (Chrono Boost)  
  17  1:02  Assimilator  
  18  1:12  Probe (Chrono Boost)  
  19  1:22  Probe (Chrono Boost)  
  20  1:30  Cybernetics Core  
  20  1:33  Probe (Chrono Boost)  
  20  1:35  Pylon  
  20  1:38  Pylon  
  21  1:43  Probe (Chrono Boost)  
  23  1:54  Probe (Chrono Boost)  
  23  2:07  Warp Gate (Chrono Boost)  
  23  2:10  Twilight Council  
  23  2:13  Robotics Facility  
  25  2:23  Mothership Core  
  25  2:31  Gateway  
  25  2:50  Dark Shrine  
  25  2:59  Warp Prism  
  27  3:18  Pylon  
  27  3:28  Gateway  
  27  3:30  Gateway  
  27  4:21  Stalker x2  
  31  4:25  Dark Templar  
  31  4:26  Dark Templar  
  35  4:56  Stalker x2  
  39  5:00  Zealot x2  
  37  5:41  Stalker  
  37  5:42  Stalker  
  39  5:43  Stalker  
  39  5:46  Dark Templar  
  37  6:17  Stalker x3  
  43  6:20  Stargate  
  43  6:21  Nexus  
  43  6:24  Assimilator  
  43  6:30  Assimilator  
  43  6:32  Probe  
  44  6:35  Pylon  
  44  6:38  Pylon  
  44  6:40  Pylon  
  44  6:44  Probe  
  45  6:48  Pylon  
  45  6:50  Pylon  
  45  6:51  Pylon x2  
  45  6:52  Pylon  
  45  6:53  Immortal  
  45  6:54  Pylon  
  49  6:56  Probe  
  50  7:08  Probe  
  51  7:17  Stalker x3  
  51  7:18  Stalker  
  51  7:20  Probe  
  51  7:22  Void Ray  
  64  7:26  Stargate  
  64  7:27  Stargate  
  64  7:30  Blink (Chrono Boost)  
  40  7:46  Probe  
  40  7:47  Stargate  
  41  7:57  Probe  
  42  8:07  Probe  
  42  8:08  Phoenix  
  45  8:13  Phoenix x2  
  45  8:18  Probe  
  50  8:29  Probe  
  51  8:39  Probe  
  50  8:50  Probe  
  51  9:00  Probe, Phoenix x4  
  58  9:05  Forge  
  58  9:17  Resonating Glaives (Chrono Boost)  
  58  9:25  Phoenix  
  58  9:27  Fleet Beacon  
  60  9:34  Phoenix  
  60  9:35  Phoenix  
  64  9:39  Protoss Air Weapons Level 1  
  64  9:45  Nexus  
  64  9:47  Pylon  
  64  9:49  Pylon  
  64  10:14  Phoenix x4  
  72  10:44  Charge (Chrono Boost)  
  72  10:52  Phoenix  
  72  10:53  Phoenix x3  
  80  11:14  Observer  
  80  11:18  Probe x2  
  84  11:24  Assimilator  
  91  11:28  Assimilator  
  91  11:29  Probe, Phoenix x4  
  91  11:30  Probe  
  85  11:40  Probe  
  85  11:42  Probe  
  85  11:50  Probe  
  85  11:54  Probe, Phoenix  
  70  12:01  Probe  
  69  12:06  Probe, Phoenix x3  
  77  12:18  Probe  
  77  12:19  Phoenix  
  80  12:28  Probe  
  66  12:34  Stalker  
  66  12:35  Stalker x3  
  75  12:39  Probe  
  75  12:41  Nexus  
  75  12:42  Phoenix  
  75  12:43  Phoenix  
  80  12:49  Probe  
  81  13:00  Probe  
  70  13:06  Stalker  
  70  13:07  Stalker x3  
  64  13:34  Pylon  
  64  13:35  Phoenix x4  
  64  13:36  Pylon  
  64  13:38  Pylon  
  64  13:40  Pylon  
  71  13:53  Stalker  
  71  13:54  Stalker  
Show
View Real Time Build Order
Export as new Build Order

SAN Protoss - Winner!

Build Orders:  

Get SALT Encoding   

  12  0:14  Pylon  
  12  0:17  Probe (Chrono Boost)  
  13  0:28  Probe (Chrono Boost)  
  14  0:38  Probe (Chrono Boost)  
  15  0:49  Probe (Chrono Boost)  
  16  1:00  Probe (Chrono Boost)  
  17  1:19  Nexus  
  17  1:22  Pylon  
  17  1:25  Forge  
  17  1:29  Probe (Chrono Boost)  
  18  1:35  Assimilator  
  18  1:39  Probe (Chrono Boost)  
  19  1:46  Gateway  
  19  1:59  Pylon  
  19  2:04  Probe (Chrono Boost)  
  19  2:05  Assimilator  
  20  2:14  Probe (Chrono Boost)  
  21  2:19  Photon Cannon  
  21  2:25  Probe (Chrono Boost)  
  22  2:36  Probe (Chrono Boost)  
  22  2:37  Cybernetics Core  
  23  2:46  Probe (Chrono Boost)  
  23  2:48  Probe (Chrono Boost)  
  25  2:59  Probe (Chrono Boost)  
  25  3:03  Pylon  
  26  3:08  Photon Cannon  
  26  3:09  Probe (Chrono Boost)  
  27  3:16  Stargate  
  27  3:20  Probe (Chrono Boost)  
  28  3:29  Mothership Core (Chrono Boost)  
  28  3:30  Probe (Chrono Boost)  
  31  3:38  Photon Cannon  
  32  3:41  Probe (Chrono Boost)  
  32  3:44  Pylon  
  32  3:46  Pylon  
  32  3:59  Photon Cannon  
  32  4:00  Pylon  
  32  4:05  Assimilator  
  32  4:07  Void Ray  
  36  4:16  Stargate  
  36  4:24  Pylon  
  36  4:26  Probe (Chrono Boost)  
  37  4:37  Probe (Chrono Boost)  
  38  4:47  Probe (Chrono Boost)  
  38  4:50  Robotics Facility  
  39  4:54  Void Ray  
  39  4:57  Photon Cannon  
  39  4:58  Probe (Chrono Boost)  
  44  5:08  Probe (Chrono Boost)  
  44  5:09  Void Ray  
  49  5:21  Stargate  
  49  5:23  Pylon  
  49  5:26  Protoss Air Weapons Level 1  
  49  5:30  Pylon  
  49  5:33  Assimilator, Photon Cannon  
  49  5:35  Photon Cannon  
  49  5:37  Photon Cannon  
  49  5:39  Photon Cannon  
  49  5:43  Pylon  
  49  5:49  Void Ray  
  53  5:55  Void Ray  
  57  6:02  Photon Cannon  
  57  6:05  Photon Cannon  
  57  6:06  Void Ray  
  61  6:17  Probe (Chrono Boost)  
  61  6:18  Photon Cannon  
  62  6:26  Observer  
  62  6:27  Probe (Chrono Boost)  
  64  6:36  Stargate  
  64  6:38  Probe (Chrono Boost)  
  65  6:48  Probe (Chrono Boost)  
  66  6:58  Photon Cannon  
  66  6:59  Probe (Chrono Boost)  
  66  7:01  Photon Cannon  
  67  7:05  Stargate  
  67  7:09  Probe (Chrono Boost)  
  67  7:15  Pylon  
  68  7:21  Nexus, Void Ray  
  72  7:24  Assimilator  
  72  7:29  Assimilator  
  72  7:31  Pylon  
  72  7:45  Void Ray  
  72  7:46  Void Ray  
  80  7:54  Probe (Chrono Boost)  
  81  8:04  Probe (Chrono Boost)  
  82  8:06  Protoss Air Armor Level 1  
  82  8:11  Observer  
  83  8:15  Probe (Chrono Boost)  
  83  8:17  Fleet Beacon  
  83  8:25  Probe (Chrono Boost)  
  84  8:27  Photon Cannon  
  84  8:29  Photon Cannon  
  84  8:36  Probe (Chrono Boost)  
  84  8:51  Assimilator  
  84  8:56  Photon Cannon  
  84  9:03  Void Ray x4  
  84  9:07  Probe (Chrono Boost)  
  101  9:13  Probe (Chrono Boost)  
  102  9:17  Probe (Chrono Boost)  
  105  9:24  Probe x2 (Chrono Boost)  
  105  9:28  Probe (Chrono Boost)  
  106  9:34  Probe (Chrono Boost)  
  106  9:35  Probe (Chrono Boost)  
  108  9:38  Probe (Chrono Boost)  
  108  9:41  Nexus  
  108  9:44  Assimilator  
  108  9:45  Probe x2 (Chrono Boost)  
  111  9:48  Assimilator  
  111  9:49  Probe (Chrono Boost)  
  111  9:50  Pylon  
  112  9:55  Probe (Chrono Boost)  
  112  9:57  Photon Cannon  
  109  10:01  Photon Cannon  
  108  10:14  Void Ray x4  
  119  10:21  Void Ray  
  111  11:34  Pylon  
  111  11:36  Pylon  
  111  11:40  Pylon  
  111  11:49  Void Ray  
  111  11:50  Void Ray  
  111  11:52  Void Ray x2  
  111  12:16  Anion Pulse-Crystals  
  111  12:22  Void Ray  
  111  12:24  Photon Cannon  
  111  12:25  Photon Cannon  
  115  12:44  Void Ray  
  115  12:48  Probe (Chrono Boost)  
  120  12:58  Probe (Chrono Boost)  
Show
View Real Time Build Order
Export as new Build Order

VAZAR Protoss - Winner!

Build Orders:  

Get SALT Encoding   

  12  0:03  Probe (Chrono Boost)  
  14  0:14  Probe (Chrono Boost)  
  14  0:23  Pylon  
  14  0:37  Probe (Chrono Boost)  
  15  0:47  Probe (Chrono Boost)  
  16  0:50  Gateway  
  16  0:58  Probe (Chrono Boost)  
  16  1:01  Assimilator  
  17  1:07  Assimilator  
  17  1:08  Probe (Chrono Boost)  
  18  1:19  Probe (Chrono Boost)  
  18  1:25  Forge  
  19  1:29  Probe (Chrono Boost)  
  20  1:41  Cybernetics Core  
  20  1:46  Zealot  
  22  1:57  Pylon  
  22  2:01  Pylon  
  22  2:05  Pylon  
  22  2:06  Probe (Chrono Boost)  
  23  2:09  Pylon  
  24  2:23  Probe (Chrono Boost)  
  24  2:27  Protoss Shields Level 1  
  24  2:44  Probe (Chrono Boost)  
  25  2:55  Probe (Chrono Boost)  
  26  3:01  Photon Cannon  
  26  3:05  Photon Cannon  
  26  3:10  Photon Cannon  
  26  3:15  Photon Cannon  
  26  3:17  Stargate  
  26  3:37  Sentry  
  28  3:57  Nexus  
  28  4:03  Stalker  
  30  4:18  Void Ray (Chrono Boost)  
  30  4:50  Stalker  
Show
View Real Time Build Order
Export as new Build Order

Akira Protoss - Winner!

Build Orders:  

Get SALT Encoding   

  12  0:03  Probe (Chrono Boost)  
  13  0:21  Pylon  
  13  0:25  Probe (Chrono Boost)  
  14  0:35  Probe (Chrono Boost)  
  15  0:42  Gateway  
  15  0:46  Probe (Chrono Boost)  
  16  0:56  Probe (Chrono Boost)  
  17  1:00  Assimilator  
  17  1:05  Assimilator  
  17  1:07  Probe (Chrono Boost)  
  18  1:17  Probe (Chrono Boost)  
  19  1:28  Probe (Chrono Boost)  
  20  1:37  Cybernetics Core  
  20  1:38  Probe (Chrono Boost)  
  21  1:49  Probe (Chrono Boost)  
  21  1:52  Pylon  
  22  1:58  Pylon  
  22  1:59  Probe (Chrono Boost)  
  23  2:20  Stargate  
  23  2:35  Forge  
  23  2:44  Stargate  
  23  3:10  Photon Cannon  
  23  3:13  Photon Cannon  
  23  3:18  Photon Cannon  
  23  3:29  Void Ray  
  27  3:34  Nexus  
  27  3:40  Zealot  
  28  3:45  Mothership Core (Chrono Boost)  
  30  4:20  Void Ray  
  34  4:34  Gateway  
  34  4:36  Void Ray  
  38  4:57  Nexus  
  38  5:03  Probe (Chrono Boost)  
  38  5:06  Pylon  
  39  5:14  Pylon  
  39  5:21  Pylon  
  39  5:24  Assimilator, Void Ray  
  39  5:25  Probe (Chrono Boost)  
  44  5:30  Assimilator, Protoss Air Weapons Level 1 (Chrono Boost)  
  44  5:31  Void Ray  
  48  5:37  Probe  
  49  5:49  Probe  
  50  6:01  Probe  
  51  6:10  Photon Cannon  
  51  6:14  Void Ray  
  51  6:15  Void Ray  
  51  6:16  Photon Cannon  
  59  6:22  Photon Cannon  
  59  6:29  Probe, Photon Cannon  
  60  6:40  Probe  
  61  6:50  Probe  
  62  7:00  Stargate  
  62  7:01  Probe  
  62  7:03  Protoss Shields Level 1  
  63  7:11  Probe  
  63  7:13  Pylon  
  64  7:22  Probe  
  64  7:24  Void Ray  
  69  7:48  Fleet Beacon  
  69  7:55  Pylon  
  69  8:09  Pylon, Probe  
  70  8:20  Probe  
  70  8:25  Pylon  
  71  8:31  Probe  
  71  8:34  Protoss Air Armor Level 1 (Chrono Boost)  
  72  8:44  Photon Cannon  
  72  8:46  Probe  
  73  8:56  Probe  
  74  9:19  Void Ray x2  
  82  9:30  Void Ray  
  86  9:33  Photon Cannon  
  86  9:42  Photon Cannon  
  86  9:59  Twilight Council  
  86  10:04  Stargate  
  86  10:06  Pylon  
  86  10:16  Photon Cannon  
  86  10:19  Void Ray  
  90  10:26  Phoenix  
  92  10:48  Void Ray x2  
  100  11:06  Phoenix x2  
  104  11:30  Phoenix  
  98  12:09  Phoenix x2  
  98  12:10  Void Ray x2  
  104  12:34  Void Ray x2  
  112  12:53  Void Ray  
  112  12:58  Pylon  
  116  13:01  Pylon, Void Ray  
  112  13:17  Void Ray  
Tags
 
Add a new tag
Caveats
  • Supply blocks, unpowered buildings, or Contaminate may cause inaccurate times.
  • Supply counts are checked every 10 seconds.